 Dungeon Crawl Stone Soup version 0.20.0-15-g7f486f2 (webtiles) character file.

6893 vishdafish the Basher (level 11, -8/100 HPs)
             Began as a Gargoyle Fighter on June 23, 2017.
             Was a Priest of Okawaru.
             Mangled by Snorg (15 damage)
             ... on level 10 of the Dungeon.
             The game lasted 00:17:16 (8669 turns).

vishdafish the Basher (Gargoyle Fighter)            Turns: 8669, Time: 00:17:17

Health: -8/100     AC: 22    Str: 29    XL:     11   Next: 6%
Magic:  11/11      EV:  9    Int:  8    God:    Okawaru [***...]
Gold:   573        SH: 12    Dex: 12    Spells: 10/10 levels left

rFire    + + .     SeeInvis .   o - +4 morningstar
rCold    x . .     Gourm    .   c - +0 shield
rNeg     + . .     Faith    .   F - +2 chain mail {rF+}
rPois    ∞         Spirit   .   i - +0 helmet
rElec    +         Reflect  .   l - +0 cloak
rCorr    .         Harm     .   (no gloves)
MR       .....                  (no boots)
Stlth    ..........             (no amulet)
Regen    0.3/turn               h - +3 ring of dexterity
MPRegen  0.2/turn               G - ring of fire

@: berserking, very quick
A: negative energy resistance 1, electricity resistance, unbreathing,
petrification resistance, rot immunity, AC +7
a: Heroism, Renounce Religion


You were on level 10 of the Dungeon.
You worshipped Okawaru.
Okawaru was most pleased with you.
You were not hungry.

You visited 2 branches of the dungeon, and saw 11 of its levels.

You collected 573 gold pieces.

Inventory:

Hand Weapons
 o - a +4 morningstar (weapon)
Armour
 c - a +0 shield (worn)
 i - a +0 helmet (worn)
 l - a +0 cloak (worn)
 F - a +2 chain mail of fire resistance (worn)
Jewellery
 h - a +3 ring of dexterity (left hand)
 G - a ring of fire (right hand)
Wands
 a - a wand of confusion (25/48)
 B - a wand of disintegration (11/24)
 C - a wand of confusion (26/48)
Scrolls
 b - a scroll of noise {unknown}
 k - 9 scrolls of remove curse {unknown}
 m - 4 scrolls of teleportation {unknown}
 p - a scroll of magic mapping {unknown}
 q - a scroll of enchant weapon {unknown}
 u - 2 scrolls of blinking {unknown}
 y - 2 scrolls of immolation {unknown}
 E - 3 scrolls of enchant armour {unknown}
 H - a scroll of identify
Potions
 e - 3 potions of might
 j - 8 potions of curing
 s - a potion of haste {unknown}
 t - a potion of heal wounds {unknown}
 v - a potion of cancellation {unknown}
 w - a potion of agility {unknown}
 x - 3 potions of mutation
 A - 6 potions of lignification
 D - 2 potions of flight
Books
 d - a book of Geomancy

   Spells                             Type                      Level
   a - Sandblast                      Earth                        1
   b - Passwall                       Transmutation/Earth          2
   c - Stone Arrow                    Conjuration/Earth            3
   d - Petrify                        Transmutation/Earth          4
   e - Lee's Rapid Deconstruction     Earth                        5
Comestibles
 f - 3 bread rations
 n - 5 meat rations
 r - 4 royal jellies
 z - 12 fruits


   Skills:
 + Level 7.6 Fighting
 + Level 10.7 Maces & Flails
 + Level 7.6 Armour
 + Level 3.2 Dodging
 - Level 0.8 Stealth
 + Level 9.6 Shields


You had 10 spell levels left.
You didn't know any spells.

Dungeon Overview and Level Annotations

Branches:
Dungeon (10/15)            Temple (1/1) D:7             Orc (0/2) D:9
   Lair: D:8-11

Altars:
Ashenzari
Cheibriados
Dithmenos
Elyvilon
Fedhas
Gozag
Hepliaklqana
Kikubaaqudgha
Makhleb
Nemelex Xobeh
Okawaru
Qazlal
Ru
Sif Muna
Trog
Uskayaw
Vehumet
Xom
Yredelemnul
Zin
The Shining One

Shops:
D:9 =

Annotations:
D:10 Snorg


Innate Abilities, Weirdness & Mutations

You are resistant to torment.
Your stone body is resilient. (AC +7)
You are immune to poison.
You resist negative energy. (rN+)
You are resistant to electric shocks. (rElec)
You can survive without breathing.
You are immune to petrification.
You are immune to rotting.


Message History

You sock Snorg!
Snorg is moderately wounded.
You block Snorg's attack. Snorg claws you but does no damage. Snorg claws you!
You closely miss Snorg.
Snorg is moderately wounded.
You block Snorg's attack. Snorg claws you. Snorg claws you but does no damage.
You bludgeon Snorg!!
Snorg is heavily wounded.
Snorg bites you. Snorg closely misses you. You block Snorg's attack.
Your chain mail prevents you from hitting Snorg.
Snorg is heavily wounded.
You block Snorg's attack. Snorg claws you!
* * * LOW HITPOINT WARNING * * *
Snorg claws you!
* * * LOW HITPOINT WARNING * * *
You are too berserk!
You hit Snorg.
Snorg is heavily wounded.
Snorg bites you!
You die...

##########
#..(.YYT@#
#.########
.......).......
.......T.......
........####..#
#........ .#
#...#....
###.#.... #
#.....


You could see Snorg (berserk) and 2 yaks.

Vanquished Creatures
  Pikel (D:5)
  Psyche (D:10)
  The ghost of Paps the Chopper, an amateur DsGl (D:4)
  10 yaks
  A hungry ghost (D:8)
  Duvessa (D:5)
  A water moccasin (D:6)
  3 orc warriors
  A sky beast (D:9)
  3 ice beasts
  A black bear (D:6)
  4 ogres
  3 centaurs
  A crocodile (D:9)
  8 bullfrogs
  A wyvern zombie (D:8)
  Dowan (D:5)
  2 wyvern skeletons
  2 scorpions
  9 wights
  2 howler monkeys
  3 crimson imps
  5 orc priests
  3 hounds
  4 jellies
  5 orc wizards
  Natasha (thrice) (D:4)
  2 bullfrog skeletons
  3 iguanas
  8 worker ants
  A killer bee zombie (D:5)
  A hound zombie (D:8)
  A howler monkey zombie (D:8)
  11 gnolls
  12 adders
  3 shadow imps
  An ooze (D:5)
  2 adder skeletons
  3 worms
  2 dart slugs
  2 leopard geckos
  27 orcs
  3 bat zombies (D:2)
  2 giant cockroaches
  5 goblins
  7 hobgoblins
  2 jackals (D:3)
  6 kobolds
  4 quokkas
  4 ball pythons
  6 bats
  2 frilled lizards
  A leopard gecko skeleton (D:8)
  A quokka skeleton (D:5)
  4 rats
  A rat zombie (D:2)
207 creatures vanquished.

Vanquished Creatures (others)
  A sky beast (D:5)
  A phantom (D:5)
  A slave (D:5)
  A crimson imp (D:5)
  A worker ant (D:5)
5 creatures vanquished.

Grand Total: 212 creatures vanquished

Notes
Turn   | Place    | Note
-------+----------+-------------------------------------------
     0 | D:1      | vishdafish the Gargoyle Fighter began the quest for the Orb.
     0 | D:1      | Reached XP level 1. HP: 14/14 MP: 1/1
   460 | D:1      | Reached XP level 2. HP: 19/19 MP: 2/2
   788 | D:2      | Reached XP level 3. HP: 18/23 MP: 3/3
  1161 | D:2      | Reached XP level 4. HP: 28/28 MP: 4/4
  1327 | D:2      | Found an ancient bone altar of Kikubaaqudgha.
  1616 | D:3      | Reached skill level 3 in Maces & Flails
  1856 | D:3      | Found a snail-covered altar of Cheibriados.
  1873 | D:3      | Reached XP level 5. HP: 31/33 MP: 5/5
  1998 | D:3      | Found a glowing golden altar of the Shining One.
  2075 | D:3      | Reached skill level 1 in Dodging
  2302 | D:4      | Found a blossoming altar of Fedhas.
  2306 | D:4      | Noticed Natasha
  2503 | D:4      | Killed Natasha
  2654 | D:4      | Noticed an ogre
  2657 | D:4      | Noticed Natasha
  2685 | D:3      | Reached XP level 6. HP: 25/38 MP: 6/6
  2803 | D:4      | Reached skill level 4 in Maces & Flails
  3233 | D:4      | Killed Natasha
  3300 | D:4      | Noticed Paps's ghost (amateur DsGl)
  3315 | D:4      | Killed Paps's ghost
  3315 | D:4      | Reached skill level 5 in Maces & Flails
  3315 | D:4      | Reached skill level 5 in Shields
  3315 | D:4      | Reached XP level 7. HP: 38/44 MP: 7/7
  3390 | D:4      | Noticed Natasha
  3398 | D:4      | Killed Natasha
  3684 | D:4      | Reached skill level 5 in Armour
  3780 | D:4      | Found a hide-covered altar of Uskayaw.
  4111 | D:5      | Entered Level 5 of the Dungeon
  4469 | D:5      | Noticed Pikel
  4495 | D:5      | Killed Pikel
  4495 | D:5      | Reached skill level 5 in Fighting
  4495 | D:5      | Reached skill level 6 in Maces & Flails
  4495 | D:5      | Reached XP level 8. HP: 38/49 MP: 8/8
  4568 | D:5      | Found a glowing silver altar of Zin.
  4573 | D:5      | Noticed Duvessa
  4573 | D:5      | Noticed Dowan
  4607 | D:5      | Killed Duvessa
  4651 | D:5      | Killed Dowan
  5087 | D:5      | Found a sparkling altar of Nemelex Xobeh.
  5091 | D:5      | Reached skill level 7 in Maces & Flails
  5110 | D:5      | Reached XP level 9. HP: 54/54 MP: 9/9
  5144 | D:6      | Found a shattered altar of Ashenzari.
  5738 | D:6      | Reached skill level 8 in Maces & Flails
  6374 | D:7      | Reached XP level 10. HP: 55/61 MP: 10/10
  6601 | D:7      | Found a staircase to the Ecumenical Temple.
  6739 | Temple   | Entered the Ecumenical Temple
  6759 | Temple   | Became a worshipper of Warmaster Okawaru
  7049 | D:8      | Reached skill level 9 in Maces & Flails
  7760 | D:9      | Reached * piety under Okawaru
  7863 | D:9      | Found a staircase to the Orcish Mines.
  8019 | D:9      | Reached ** piety under Okawaru
  8026 | D:9      | Reached skill level 10 in Maces & Flails
  8091 | D:9      | Found Enijair's Jewellery Emporium.
  8120 | D:9      | Found a hide-covered altar of Uskayaw.
  8382 | D:10     | Entered Level 10 of the Dungeon
  8394 | D:10     | Noticed Snorg
  8397 | D:10     | Noticed Psyche
  8411 | D:10     | Killed Psyche
  8411 | D:10     | Reached *** piety under Okawaru
  8411 | D:10     | Reached XP level 11. HP: 36/67 MP: 11/11
  8669 | D:10     | Mangled by Snorg

Skill      XL: |  1  2  3  4  5  6  7  8  9 10 |
---------------+-------------------------------+-----
Shields        | 4 5 6 8 9 |  9.6
Maces & Flails | 3 5 6 7 8 10 | 10.7
Armour         | 4 5 6 7 |  7.6
Dodging        | 1 2 3 |  3.2
Fighting       | 4 5 6 7 |  7.6
Stealth        | |  0.8

Action                   |  1- 3 |  4- 6 |  7- 9 | 10-12 || total
-------------------------+-------+-------+-------+-------++-------
Melee: Flail             |    98 |   227 |    91 |       ||   416
       Whip              |       |       |   461 |   112 ||   573
       Morningstar       |       |       |       |   209 ||   209
  Use: Potion            |       |     2 |     2 |     1 ||     5
       Scroll            |       |     1 |     5 |       ||     6
  Eat: Bread ration      |     1 |     1 |     3 |     1 ||     6
       Meat ration       |       |       |       |     1 ||     1
Armor: Scale mail        |    55 |   118 |   104 |       ||   277
       Chain mail        |       |       |    91 |   124 ||   215
Dodge: Dodged            |    27 |    71 |   134 |    88 ||   320
Block: Shield            |    68 |   149 |   245 |   168 ||   630
